 Dungeon Crawl Stone Soup version 0.19.5 (webtiles) character file.

112 Peloso the Covered (level 4, -3/40 HPs)
             Began as a Minotaur Fighter on May 9, 2017.
             Killed by nerve-wracking pain
             ... invoked by Grinder
              (12 damage)
             ... on level 3 of the Dungeon.
             The game lasted 00:03:41 (1843 turns).

Peloso the Covered (Minotaur Fighter)               Turns: 1843, Time: 00:03:41

Health: -3/40      AC: 10    Str: 21    XL:     4   Next: 64%
Magic:  3/3        EV:  6    Int:  5    God:
Gold:   166        SH:  9    Dex: 10    Spells: 0 memorised, 3 levels left

rFire  . . .     SeeInvis .     a - +0 long sword
rCold  . . .     Gourm    .     p - +0 chain mail
rNeg   . . .     Faith    .     c - +0 shield
rPois  .         Spirit   .     (helmet restricted)
rElec  .         Reflect  .     (no cloak)
rCorr  .         Harm     .     (no gloves)
MR     .....                    l - +0 pair of boots (curse)
Stlth  ..........               k - amulet of regeneration
                                (no ring)
                                (no ring)

@: no status effects
A: retaliatory headbutt, horns 2
a: no special abilities


You were on level 3 of the Dungeon.
You were not hungry.

You visited 1 branch of the dungeon, and saw 3 of its levels.

You collected 166 gold pieces.

Inventory:

Hand Weapons
 a - a +0 long sword (weapon)
Armour
 c - a +0 shield (worn)
 l - a cursed +0 pair of boots (worn)
 p - a +0 chain mail (worn)
Jewellery
 k - an amulet of regeneration (around neck)
Wands
 r - a wand of slowing (15/48)
Scrolls
 e - 2 scrolls of recharging {unknown}
 h - 3 scrolls of identify {unknown}
 i - a scroll of immolation {unknown}
 j - 2 scrolls of remove curse {unknown}
 m - 2 scrolls of noise {unknown}
 n - a scroll of amnesia {unknown}
Potions
 b - a potion of heal wounds {unknown}
 d - a potion of might
 g - a potion of berserk rage {unknown}
Comestibles
 f - 2 bread rations
 o - a slice of pizza
 s - a royal jelly


   Skills:
 + Level 3.9 Fighting
 + Level 3.9 Long Blades
 + Level 4.6 Armour
 + Level 0.9 Dodging
 + Level 4.5 Shields


You had 3 spell levels left.
You didn't know any spells.

Dungeon Overview and Level Annotations

Branches:
Dungeon (3/15)

Altars:
Hepliaklqana

Annotations:
D:3 Grinder


Innate Abilities, Weirdness & Mutations

You reflexively headbutt those who attack you in melee.
You have a pair of horns on your head.


Message History

Pain shoots through your body!
Your shield and chain mail prevent you from hitting Grinder.
Grinder is severely wounded.
Grinder gestures at you. Pain shoots through your body!
* * * LOW HITPOINT WARNING * * *
You barely miss Grinder.
Grinder is severely wounded.
Grinder gestures at you. Pain shoots through your body!
* * * LOW HITPOINT WARNING * * *
Your shield and chain mail prevent you from hitting Grinder.
You headbutt Grinder.
Grinder is severely wounded.
Unknown command.
You hit Grinder.
Grinder is almost dead.
Grinder gestures at you. Pain shoots through your body!
You die...

...# #...# #. #.....#
#.## ...# #...#
#..####### #... ...#
#...# #..##....## ##.#
#..##
#...########.........#
#.. ##..#
#####.....##...#.#....(
### .#..#
#.....+..#.#.###.######
.##.#
#.....##.#.#.......>)..
..#.#
#...)5##.#.#####.####.#
.)#.#
#.....@..#........<.#.#
.##.#
#......)########..<....
.#..# #.......#
#............ ##..#
#.......# #............
#..## #.......#
#............ ..##
#.>.....# #............
### #.......#
#............ #.......#
#.......†.... #.......#
#............


You could see Grinder.

Vanquished Creatures
  2 adders
  2 gnolls (D:1)
  An ooze (D:2)
  A dart slug (D:1)
  A leopard gecko (D:1)
  A ball python (D:3)
  9 bats
  3 giant cockroaches
  6 goblins
  7 hobgoblins
  8 jackals
  A quokka (D:3)
  4 frilled lizards
  10 kobolds
  7 rats
63 creatures vanquished.

Notes
Turn   | Place    | Note
-------+----------+-------------------------------------------
     0 | D:1      | Peloso the Minotaur Fighter began the quest for the Orb.
     0 | D:1      | Reached XP level 1. HP: 19/19 MP: 0/0
    50 | D:1      | Reached XP level 2. HP: 17/27 MP: 1/1
   356 | D:1      | Reached XP level 3. HP: 33/33 MP: 2/2
   916 | D:2      | Reached XP level 4. HP: 38/40 MP: 3/3
  1608 | D:3      | Found a hazy altar of Hepliaklqana.
  1793 | D:3      | Noticed Grinder
  1810 | D:3      | Paralysed by Grinder for 7 turns
  1831 | D:3      | Paralysed by Grinder for 4 turns
  1843 | D:3      | Killed from afar by Grinder

Skill      XL: |  1  2  3 |
---------------+----------+-----
Armour         | 4 |  4.6
Shields        | 4 |  4.5
Long Blades    | 3 |  3.9
Fighting       | |  3.9
Dodging        | |  0.9

Action                   |  1- 3 |  4- 6 || total
-------------------------+-------+-------++-------
Melee: Long sword        |    95 |    63 ||   158
       Headbutt          |    11 |    10 ||    21
Evoke: Wand              |       |     1 ||     1
  Eat: Chunk             |       |     3 ||     3
Armor: Scale mail        |    55 |    10 ||    65
       Chain mail        |       |    34 ||    34
Dodge: Dodged            |    57 |    23 ||    80
Block: Shield            |    71 |    40 ||   111
       Rpst.: Long sword |    14 |     7 ||    21
